 Dungeon Crawl Stone Soup version 0.21.1-1-g345015f (webtiles) character file.

501 prawnwizard the Firebug (level 7, -1/36 HPs)
             Began as a Gargoyle Fire Elementalist on July 1, 2018.
             Killed by divine providence
             ... invoked by an orc priest
              (14 damage)
             ... on level 4 of the Dungeon.
             The game lasted 00:15:18 (3800 turns).

prawnwizard the Firebug (GrFE)                      Turns: 3800, Time: 00:15:18

Health: -1/36      AC:  6    Str: 12    XL:     7   Next: 17%
Magic:  1/12       EV: 13    Int: 17    God:
Gold:   263        SH:  0    Dex: 10    Spells: 5/13 levels left

rFire    . . .     SeeInvis .   j - +0 short sword (venom)
rCold    . . .     Gourm    .   (no shield)
rNeg     + . .     Faith    .   a - +0 robe
rPois    ∞         Spirit   .   (no helmet)
rElec    +         Reflect  .   (no cloak)
rCorr    .         Harm     .   (no gloves)
MR       .....                  (no boots)
Stlth    ++........             (no amulet)
HPRegen  0.12/turn              (no ring)
MPRegen  0.13/turn              (no ring)

@: very slightly contaminated
A: negative energy resistance 1, electricity resistance, unbreathing,
petrification resistance, rot immunity, AC +4
a: no special abilities


You were on level 4 of the Dungeon.
You were not hungry.

You visited 1 branch of the dungeon, and saw 4 of its levels.

You collected 263 gold pieces.

Inventory:

Hand Weapons
 j - a +0 short sword of venom (weapon)
 o - a +0 short sword
Armour
 a - a +0 robe (worn)
 i - a +0 chain mail
Jewellery
 s - an uncursed amulet of harm {unknown}
Scrolls
 d - 6 scrolls of remove curse {unknown}
 f - 2 scrolls of fear {unknown}
 h - 5 scrolls of identify {unknown}
 p - 2 scrolls of blinking {unknown}
Potions
 e - a potion of magic {unknown}
 g - 4 potions of curing {unknown}
 k - a potion of heal wounds {unknown}
 l - 2 potions of brilliance {unknown}
 m - a potion of lignification {unknown}
 n - 2 potions of flight {unknown}
 q - 4 potions of might {unknown}
 r - a potion of agility {unknown}
Books
 b - a book of Flames

   Spells                             Type                      Level
   a - Flame Tongue                   Conjuration/Fire             1
   b - Throw Flame                    Conjuration/Fire             2
   c - Conjure Flame                  Conjuration/Fire             3
   d - Inner Flame                    Hexes/Fire                   3
   e - Sticky Flame                   Conjuration/Fire             4
   f - Fireball                       Conjuration/Fire             5
Comestibles
 c - 4 rations


   Skills:
 + Level 3.1 Dodging
 - Level 2.1 Stealth
 + Level 3.5 Spellcasting
 + Level 3.4 Conjurations
 * Level 5.4 Fire Magic


You had 5 spell levels left.
You knew the following spells:

 Your Spells              Type           Power        Failure   Level  Hunger
a - Flame Tongue          Conj/Fire      ###..        2%          1    None
b - Throw Flame           Conj/Fire      ###...       4%          2    ##.....
c - Fireball              Conj/Fire      ###.......   58%         5    ######.


Dungeon Overview and Level Annotations

Branches:
Dungeon (4/15)
 Temple: D:4-7

Altars:
Cheibriados
Gozag
Okawaru

Annotations:
D:4 lmSkywalker's ghost, amateur TrMo


Innate Abilities, Weirdness & Mutations

You are resistant to torment.
Your stone body is resilient. (AC +4)
You are immune to poison.
You resist negative energy. (rN+)
You are resistant to electric shocks. (rElec)
You can survive without breathing.
You are immune to petrification.
You are immune to rotting.


Message History

Press: ? - help, Shift-Dir - straight line, f/p - orc
Aim: an orc, wielding a flail and wearing a chain mail (heavily wounded)
The flame tongue hits the orc.
The orc is almost dead.
The orc hits you with a flail.
Casting: Flame Tongue
Confirm with . or Enter, or press ? or * to list all spells.
Aiming: Flame Tongue
Press: ? - help, Shift-Dir - straight line, f/p - orc
Aim: an orc, wielding a flail and wearing a chain mail (almost dead)
You miscast Flame Tongue.
Nothing appears to happen.
The orc barely misses you.
Casting: Flame Tongue
Confirm with . or Enter, or press ? or * to list all spells.
Aiming: Flame Tongue
Press: ? - help, Shift-Dir - straight line, f/p - orc
Aim: an orc, wielding a flail and wearing a chain mail (almost dead)
You miscast Flame Tongue.
Nothing appears to happen.
The orc priest mumbles some strange prayers to Beogh against you.
Beogh smites you!
You die...

... ..# #.# #.#
#.# # #<# # #.##.
##.####..#
.....o###........#
#....ooo@...###.#$
#####o###...# #
.........
##########


You could see an orc priest, an orc wizard and 3 orcs.

Vanquished Creatures
  An ogre (D:4)
  A hound (D:4)
  3 orc priests (D:3)
  3 orc wizards (D:3)
  Jessica (D:2)
  A worker ant (D:3)
  4 adders
  2 oozes
  5 worms
  2 dart slugs
  10 orcs (D:3)
  4 ball pythons
  5 giant cockroaches
  15 goblins
  3 hobgoblins
  6 jackals
  A quokka (D:3)
  A ball python skeleton (D:4)
  5 bats
  6 frilled lizards
  12 kobolds
  13 rats
104 creatures vanquished.

Vanquished Creatures (others)
  2 fungi (D:2)
2 creatures vanquished.

Grand Total: 106 creatures vanquished

Notes
Turn   | Place    | Note
-------+----------+-------------------------------------------
     0 | D:1      | prawnwizard the Gargoyle Fire Elementalist began the quest for the Orb.
     0 | D:1      | Reached XP level 1. HP: 10/10 MP: 3/3
   116 | D:1      | Reached XP level 2. HP: 15/15 MP: 0/5
   136 | D:1      | Learned a level 2 spell: Throw Flame
   382 | D:1      | Reached XP level 3. HP: 19/19 MP: 4/6
  1114 | D:2      | Found an iron altar of Okawaru.
  1239 | D:2      | Found a snail-covered altar of Cheibriados.
  1464 | D:2      | Reached XP level 4. HP: 24/24 MP: 4/7
  1616 | D:2      | Noticed Jessica
  1621 | D:2      | Killed Jessica
  1621 | D:2      | Reached skill level 4 in Fire Magic
  1839 | D:3      | Reached XP level 5. HP: 13/28 MP: 5/9
  2594 | D:3      | Found an opulent altar of Gozag.
  2651 | D:3      | Reached XP level 6. HP: 32/32 MP: 4/10
  2992 | D:3      | Learned a level 5 spell: Fireball
  3029 | D:3      | Reached skill level 5 in Fire Magic
  3437 | D:4      | Reached XP level 7. HP: 7/36 MP: 6/12
  3559 | D:4      | Noticed lmSkywalker's ghost (amateur TrMo)
  3800 | D:4      | Killed from afar by an orc priest

Skill      XL: |  1  2  3  4  5  6 |
---------------+-------------------+-----
Dodging        | 2 3 |  3.1
Conjurations   | 2 3 |  3.4
Fire Magic     | 4 5 |  5.4
Spellcasting   | 3 |  3.5
Stealth        | |  2.1

Action                   |  1- 3 |  4- 6 |  7- 9 || total
-------------------------+-------+-------+-------++-------
Melee: Unarmed           |    44 |       |       ||    44
       Short sword       |    13 |    52 |     2 ||    67
 Cast: Flame Tongue      |    72 |    97 |    11 ||   180
       Throw Flame       |       |     1 |       ||     1
 Stab: Sleeping          |       |     1 |       ||     1
  Eat: Chunk             |     3 |     5 |       ||     8
       Ration            |       |       |     1 ||     1
Armor: Robe              |    31 |    34 |     2 ||    67
Dodge: Dodged            |    41 |    56 |     9 ||   106
